 Dungeon Crawl Stone Soup version 0.31-a0-1163-gcee99d1eea (webtiles) character file.

Game seed: 17818729500717059459

804 James the Ruffian (level 7, -3/46 HPs)
             Began as an Octopode Shapeshifter on Dec 9, 2023.
             Was an Initiate of Gozag.
             Slain by a gnoll
             ... wielding a +0 spear
             ... led by a gnoll sergeant
              (7 damage)
             ... on level 5 of the Dungeon.
             The game lasted 00:11:16 (5188 turns).

James the Ruffian (Octopode Shapeshifter)           Turns: 5188, Time: 00:11:17

Health: -3/46      AC:  1    Str: 15    XL:     7   Next: 91%
Magic:  7/7        EV: 13    Int: 12    God:    Gozag
Gold:   104        SH:  0    Dex: 12    Spells: 6/6 levels left

rFire   x .          .
                       - Unarmed
rCold   + . .        (no shield)
rNeg    . . .        (helmet currently unavailable)
rPois   .            (no amulet)
rElec   .            m - ring of ice
rCorr   .            (no ring)
SInv    .            (no ring)
Will    .....        (no ring)
Stlth   ++           (no ring)
HPRegen 0.27/turn    (no ring)
MPRegen 0.10/turn    (no ring)
                     (no ring)

%: no passive effects
@: beast-form, gold aura
A: beast (slay +2), almost no armour, amphibious, 8 rings, camouflage 1,
gelatinous body 1, (nimble swimmer 1), tentacles
a: Begin Untransformation, Renounce Religion, Potion Petition, Call Merchant,
Bribe Branch


You were on level 5 of the Dungeon.
You worshipped Gozag.
Gozag was aware of your devotion.
You were a hulking beast.
You visited 2 branches of the dungeon, and saw 6 of its levels.

You collected 249 gold pieces.
You spent 99 gold pieces at shops.
You paid 46 gold pieces to Gozag.

Inventory:

Hand Weapons
 r - a +2 dagger of draining
   (You took it off a goblin on level 4 of the Dungeon)
 s - a +2 dagger of speed
   (You took it off a goblin on level 4 of the Dungeon)
 u - a +0 sling
   (You took it off a goblin on level 4 of the Dungeon)
Missiles
 j - a boomerang
 n - 22 stones
Armour
 h - a +0 kite shield
   (You found it on level 1 of the Dungeon)
Magical Staves
 k - a staff of fire
   (You found it on level 2 of the Dungeon)
Jewellery
 m - a ring of ice (left tentacle)
   (You found it on level 2 of the Dungeon)
Talismans
 b - a beast talisman
 c - a flux talisman
Wands
 t - a wand of flame (23)
   (You found it on level 5 of the Dungeon)
Scrolls
 d - 9 scrolls of teleportation {@r4}
 e - a scroll of blinking
 l - a scroll of poison {!r}
 q - a scroll of enchant armour {unknown}
Potions
 a - a potion of lignification {!q}
 f - a potion of curing {@q1}
 g - a potion of enlightenment
 i - a potion of resistance
 o - 2 potions of mutation {!q}
 p - a potion of invisibility
 w - a potion of heal wounds {@q2}
 x - a potion of haste {@q3}


   Skills:
 - Level 3.0 Fighting
 - Level 3.0 Dodging
 - Level 7.0 Unarmed Combat
 + Level 5.0 Shapeshifting


You had 6 spell levels left.
You didn't know any spells.
Your spell library contained the following spells:

 Spells                   Type           Power      Damage    Failure   Level
 Poisonous Vapours        Pois/Air       0%         N/A       45%         2
 Wereblood                Tmut           0%         N/A       45%         2
 Mephitic Cloud           Conj/Pois/Air  0%         N/A       69%         3
 Freezing Cloud           Conj/Ice/Air   0%         6-21      100%        5
 Irradiate                Conj/Tmut      0%         3d11      100%        5


Dungeon Overview and Level Annotations

Branches:
Dungeon (5/15)             Temple (1/1) D:4

Altars:
Ashenzari
Cheibriados
Dithmenos
Elyvilon
Fedhas
Gozag
Hepliaklqana
Makhleb
Okawaru
Qazlal
Ru
Trog
Uskayaw
Vehumet
Xom
Zin
The Shining One

Shops:
D:1 ?   D:3 !

Annotations:
D:2 exclusion: 2 gnolls


Innate Abilities, Weirdness & Mutations

You are a hulking beast.
Your limbs bulge with bestial killing power. (Slay +2)
You cannot wear most types of armour.
You are amphibious.
You can wear up to eight rings at the same time.
Your skin changes colour to match your surroundings (Stealth+).
Your rubbery body absorbs attacks. (AC +1, EV +1)
((You are camouflaged when in or above water. (Stealth+)))
You have tentacles for arms and can constrict up to eight enemies at once.


Message History

You bludgeon the gnoll sergeant!
You constrict the gnoll sergeant, but do no damage.
You feel sick.
The gnoll sergeant hits you with a +2 trident of venom!
You are lethally poisoned!
The gnoll shouts!
You tentacle-slap the gnoll sergeant.
You constrict the gnoll sergeant, but do no damage.
You feel very sick.
You hear a shout!
An ice beast comes into view.
The gnoll sergeant hits you with a +2 trident of venom!
* * * LOW HITPOINT WARNING * * *
You are more poisoned.
You hear a shout!
You tentacle-slap the gnoll sergeant. You squeeze the gnoll sergeant.
You constrict the gnoll sergeant.
You kill the gnoll sergeant!
* * * LOW HITPOINT WARNING * * *
You feel extremely sick.
Unknown command.
You feel better.
The gnoll is distracted by your dazzling golden aura.
The ice beast is distracted by your dazzling golden aura.
Unknown command.
The gnoll shouts!
You tentacle-slap the gnoll.
The gnoll is no longer distracted by gold.
You grab the gnoll. You squeeze the gnoll!
You kill the gnoll!
You hear a shout!
The ice beast is no longer distracted by gold.
Training target 7.0 for Unarmed Combat reached!
Your Unarmed Combat skill increases to level 7!
You need to enable at least one skill for training.
You feel more attuned to ice.
m - a ring of ice (left tentacle) Unknown command.
You closely miss the ice beast. The ice beast hits you.
* * * LOW HITPOINT WARNING * * *
The ice beast freezes you. You resist.
* * * LOW HITPOINT WARNING * * *
You tentacle-slap the ice beast but do no damage.
The ice beast hits you but does no damage.
The gnoll hits you from afar with a +0 spear.
* * * LOW HITPOINT WARNING * * *
You tentacle-slap the ice beast. The ice beast barely misses you.
The gnoll hits you from afar with a +0 spear!
You die...
Your body crumbles into a pile of gold.

### #.. .. #. ...
#.# ##.###.# #.#
#.# .....>.# #.#
#.# .......##
#.##.# .........#
##...# ..g...#
#.###.##g#
gg....####.#.###Y#
.$..........## #h#
..$...###.g#####.#
#$#g### #..# #...#
#$#[# #..# #.###
#.#.# #..# #.#
#.#.#####.g# #)#
...........# #.#
..#.######.#
#.####
....######.#
#....#


You could see an ice beast and a gnoll.

Vanquished Creatures
  A phantom (D:4)
  A scorpion (D:4)
  2 gnoll sergeants (D:5)
  A hound (D:5)
  2 orc priests
  Jessica (D:3)
  Natasha (thrice) (D:3)
  An orc wizard (D:4)
  Robin (D:3)
  9 gnolls (D:5)
  11 adders
  3 worms
  2 dart slugs
  8 orcs
  6 endoplasms
  4 giant cockroaches
  21 goblins
  12 hobgoblins
  9 jackals
  4 kobolds
  4 quokkas
  6 ball pythons
  4 bats
  6 frilled lizards
  6 rats
128 creatures vanquished.

Notes
Turn   | Place    | Note
-------+----------+-------------------------------------------
     0 | D:1      | James the Octopode Shapeshifter began the quest for the
                  | Orb.
     0 | D:1      | Reached XP level 1. HP: 13/13 MP: 1/1
   141 | D:1      | Reached XP level 2. HP: 18/18 MP: 2/2
   176 | D:1      | Found Cetup's Magic Scroll Boutique.
   422 | D:1      | Reached skill level 4 in Unarmed Combat
   501 | D:1      | Reached XP level 3. HP: 17/23 MP: 3/3
  1073 | D:2      | Reached XP level 4. HP: 28/28 MP: 4/4
  1221 | D:2      | Reached skill level 5 in Unarmed Combat
  2099 | D:3      | Found Cyedgh's Distillery.
  2099 | D:3      | Noticed Robin
  2106 | D:3      | Reached XP level 5. HP: 32/33 MP: 5/5
  2109 | D:3      | Killed Robin
  2256 | D:3      | Noticed Natasha
  2261 | D:3      | Killed Natasha
  2400 | D:3      | Noticed Jessica
  2405 | D:3      | Killed Jessica
  2583 | D:3      | Noticed Natasha
  2599 | D:3      | Killed Natasha
  2605 | D:3      | Reached XP level 6. HP: 26/38 MP: 6/6
  2850 | D:3      | Bought a potion of heal wounds for 55 gold pieces
  2875 | D:3      | Noticed Natasha
  2883 | D:3      | Killed Natasha
  2884 | D:3      | Reached skill level 6 in Unarmed Combat
  3496 | D:4      | Reached skill level 5 in Shapeshifting
  3926 | D:4      | Found a staircase to the Ecumenical Temple.
  3944 | Temple   | Entered the Ecumenical Temple
  4020 | Temple   | Became a worshipper of Gozag Ym Sagoz the Greedy
  4187 | D:1      | Bought a scroll of identify for 22 gold pieces
  4187 | D:1      | Bought a scroll of identify for 22 gold pieces
  4554 | D:5      | Entered Level 5 of the Dungeon
  4589 | D:4      | Reached XP level 7. HP: 38/45 MP: 7/7
  5185 | D:5      | Reached skill level 7 in Unarmed Combat
  5188 | D:5      | Slain by a gnoll

Illustrated notes

Levels and vault maps discovered:
D:1:      mrwooster_arrival_statue_2, layout_loops_ring, serial_shops,
          nicolae_shop_tiny_waterfront, minmay_pentomino_t2
D:2:      layout_basic, minmay_unequal
D:3:      layout_loops_ring, serial_shops, shop, uniq_robin, uniq_natasha,
          uniq_jessica
D:4:      kennysheep_the_goblin_king, layout_gridville, temple_fountains,
          minivault_5
D:5:      layout_loops_ring, uniq_prince_ribbit1
Temple:   minmay_crystal_spiral_temple

Skill      XL: |  1  2  3  4  5  6  7 |
---------------+----------------------+-----
Unarmed Combat | 4 5 6 7 |  7.0
Shapeshifting  | 4 5 |  5.0
Fighting       | 2 3 |  3.0
Dodging        | 3 |  3.0

Action                     |  1- 3 |  4- 6 |  7- 9 || total
---------------------------+-------+-------+-------++-------
  Melee: Unarmed           |    68 |   152 |    44 ||   264
         Constrict         |    14 |    35 |    14 ||    63
         Tentacles         |     7 |    17 |    12 ||    36
         Punch             |     1 |     3 |     1 ||     5
    Use: Scroll            |     1 |    17 |     1 ||    19
         Potion            |       |       |     1 ||     1
   Stab: Sleeping          |     5 |     7 |       ||    12
 Armour: Skin              |    26 |    62 |    27 ||   115
  Dodge: Dodged            |    36 |    56 |    16 ||   108

Table legend: (Time is in decaauts)
 A = Elapsed time spent in this place.
 B = Non-inter-level travel time spent in this place.
 C = Inter-level travel time spent in this place.
 D = Time resting spent in this place.
 E = Time spent auto-exploring this place.
 F = Levels seen in this place.
 G = Mean time per level.
                   A        B        C        D        E       F      G
               +--------+--------+--------+--------+--------+-----+--------+
         Total |   5172 |   4709 |    463 |    775 |   2936 |   6 |  862.0 |
       Dungeon |   5020 |   4707 |    313 |    775 |   2936 |   5 | 1004.0 |
        Temple |    152 |      2 |    150 |      0 |      0 |   1 |  152.0 |
               +--------+--------+--------+--------+--------+-----+--------+

Top non-repeatable levels by time:
     D:4: 1338 daAuts
     D:2: 1167 daAuts
     D:3: 1095 daAuts
     D:1: 962 daAuts
     D:5: 455 daAuts
  Temple: 152 daAuts
